 Dungeon Crawl Stone Soup version 0.28.0 (webtiles) character file.

Game seed: 11924432545586793051

264 harry2680 the Conjurer (level 6, -4/39 HPs)
             Began as an Octopode Conjurer on Feb 17, 2022.
             Was an Initiate of Fedhas.
             Succumbed to an orc wizard's poison
             ... on level 4 of the Dungeon.
             The game lasted 00:17:53 (3597 turns).

harry2680 the Conjurer (Octopode Conjurer)          Turns: 3597, Time: 00:17:53

Health: -4/39      AC:  1    Str: 10 (12) XL:     6   Next: 19%
Magic:  1/10       EV: 13    Int: 22 (23) God:    Fedhas [......]
Gold:   87         SH:  0    Dex:  8 (10) Spells: 2/11 levels left

rFire   . . .      SeeInvis .   l - +0 rapier
rCold   . . .      Faith    .   (no shield)
rNeg    . . .      Spirit   .   (helmet restricted)
rPois   .          Reflect  .   j - amulet of regeneration
rElec   .          Harm     .   o - +6 ring of strength
rCorr   .          Rampage  .   (no ring)
Will    .....                   (no ring)
Stlth   +++.......              (no ring)
HPRegen 0.93/turn               (no ring)
MPRegen 0.12/turn               (no ring)
                                (no ring)
                                (no ring)

@: lethally poisoned (-4 -> -26)
A: almost no armour, amphibious, 8 rings, camouflage 1, gelatinous body 1,
(nimble swimmer 1), tentacles
a: Renounce Religion


You were on level 4 of the Dungeon.
You worshipped Fedhas.
Fedhas was noncommittal.
You visited 1 branch of the dungeon, and saw 4 of its levels.

You collected 87 gold pieces.

Inventory:

Hand Weapons
 l - a +0 rapier (weapon)
Missiles
 b - 113 stones
Jewellery
 j - an amulet of regeneration (around mantle)
 o - a +6 ring of strength (left tentacle)
Scrolls
 f - 2 scrolls of teleportation
 h - 2 scrolls of vulnerability
 m - a scroll of fog {unknown}
Potions
 d - a potion of haste {unknown}
 e - 2 potions of attraction
 g - a potion of flight {unknown}
 i - a potion of brilliance {unknown}
 k - a potion of curing {unknown}
 n - a potion of might {unknown}


   Skills:
 + Level 2.1 Fighting
 + Level 3.1 Dodging
 + Level 4.4 Stealth
 + Level 3.0 Spellcasting
 - Level 4.4 Conjurations
 + Level 1.2 Hexes
 * Level 1.4 Summonings


You had 2 spell levels left.
You knew the following spells:

 Your Spells              Type           Power      Damage    Failure   Level
a - Magic Dart            Conj           92%        1d7       1%          1
b - Searing Ray           Conj           46%        2d6       3%          2
c - Dazzling Flash        Conj/Hex       32%        N/A       12%         3
d - Call Canine Familiar  Summ           9%         N/A       21%         3

Your spell library contained the following spells:

 Spells                   Type           Power      Damage    Failure   Level
 Portal Projectile        Hex/Tloc       12%        N/A       28%         3
 Fulminant Prism          Conj/Hex       8%         3d7       36%         4
 Iskenderun's Mystic Bla  Conj/Tloc      13%        2d5       45%         4
 Leda's Liquefaction      Hex/Erth       3%         N/A       67%         4
 Olgreb's Toxic Radiance  Pois           3%         N/A       77%         4
 Ozocubu's Refrigeration  Ice            1%         4d5       100%        7
 Ignition                 Fire           1%         3d3       100%        8


Dungeon Overview and Level Annotations

Branches:
Dungeon (4/15)
 Temple: D:4-7

Altars:
Fedhas
Makhleb
Nemelex Xobeh
Trog


Innate Abilities, Weirdness & Mutations

You cannot wear most types of armour.
You are amphibious.
You can wear up to eight rings at the same time.
Your skin changes colour to match your surroundings (Stealth+).
Your rubbery body absorbs attacks. (AC +1, EV +1)
((You are camouflaged when in or above water. (Stealth+)))
You have tentacles for arms and can constrict up to eight enemies at once.


Message History

The scorpion is moderately wounded.
You constrict the scorpion. The scorpion stings you.
You hit the scorpion.
The scorpion is heavily wounded.
You constrict the scorpion, but do no damage.
The scorpion stings you. x2
You barely miss the scorpion. You squeeze the scorpion.
The scorpion is severely wounded.
You constrict the scorpion, but do no damage.
The scorpion stings you.
You hit the scorpion but do no damage. You squeeze the scorpion.
You kill the scorpion!
Fedhas appreciates your contribution to the ecosystem.
You feel your strength returning.
Your Spellcasting skill increases to level 3!
You have reached level 6!
Casting: Searing Ray (safe; 3% risk of failure)
Confirm with . or Enter, or press ? or * to list all spells.
Aiming: Magic Dart (safe; 1% risk of failure)
Press: ? - help, Shift-Dir - straight line, f - kobold
Aim: a kobold, wielding a +0 dagger of venom and quivering stones (100% to hit)
The magic dart hits something.
Something hits you.
You are poisoned.
You hit something.
You feel very sick. Something hits you.
You barely miss something. Your squeeze misses something.
You feel sick. Something hits you.
You are more poisoned.
You closely miss something.
You feel very sick. Something hits you.
* * * LOW HITPOINT WARNING * * *
You are lethally poisoned!
Something hits you.
* * * LOW HITPOINT WARNING * * *
You are more poisoned.
You closely miss something. Your squeeze misses something.
You die...
Fedhas appreciates your contribution to the ecosystem.

.#.. ..#.# ##.#.# #.#.#
.....#. ##.#.## ........
..... ....##.#
#.###.#.### ........
........ ........
+.##...####.#.
........###.....@.Ko)...
...#[####.#####.###.#.#.
.....)..........#
...........######
..##.####..##
..#.....#...#
..#..##.#.#.##
..#..##.#.#..#
...###########


You could see an orc wizard and a kobold.

Vanquished Creatures
  2 scorpions (D:4)
  Jessica (D:2)
  2 adders
  3 dart slugs
  2 worms (D:3)
  6 orcs (D:4)
  10 ball pythons
  4 endoplasms
  2 giant cockroaches (D:3)
  4 goblins
  4 hobgoblins
  10 jackals
  11 kobolds
  5 quokkas
  7 bats
  3 frilled lizards
  10 rats
86 creatures vanquished.

Vanquished Creatures (others)
  A plant (D:3)
1 creature vanquished.

Grand Total: 87 creatures vanquished

Notes
Turn   | Place    | Note
-------+----------+-------------------------------------------
     0 | D:1      | harry2680 the Octopode Conjurer began the quest for the
                  | Orb.
     0 | D:1      | Reached XP level 1. HP: 11/11 MP: 3/3
   222 | D:1      | Reached XP level 2. HP: 16/17 MP: 0/5
   850 | D:1      | Reached XP level 3. HP: 22/22 MP: 2/6
   853 | D:1      | Learned a level 2 spell: Searing Ray
   857 | D:1      | Learned a level 3 spell: Dazzling Flash
  1243 | D:1      | Reached skill level 1 in Fighting
  1411 | D:2      | Noticed Jessica
  1420 | D:2      | Killed Jessica
  1421 | D:2      | Reached XP level 4. HP: 28/28 MP: 2/7
  1683 | D:2      | Found a faded altar of an unknown god.
  2340 | D:3      | Found a blossoming altar of Fedhas.
  2356 | D:3      | Became a worshipper of Fedhas Madash
  2423 | D:3      | Reached XP level 5. HP: 33/33 MP: 0/9
  2778 | D:3      | Found a sparkling altar of Nemelex Xobeh.
  2778 | D:3      | Found a burning altar of Makhleb.
  2782 | D:3      | Found a bloodstained altar of Trog.
  3286 | D:4      | Learned a level 3 spell: Call Canine Familiar
  3418 | D:4      | Reached skill level 1 in Hexes
  3418 | D:4      | Reached skill level 1 in Summonings
  3593 | D:4      | Reached XP level 6. HP: 27/39 MP: 1/10
  3597 | D:4      | Succumbed to an orc wizard's poison

Illustrated notes

Levels and vault maps discovered:
D:1:      lemuel_arrival_funnel, layout_basic
D:2:      layout_rooms, shapermc_ecumenical_altar_notcrosses, uniq_jessica
D:3:      layout_basic, bloody_trog, mainiacjoe_overflow_boulevard,
          chequers_temple_overflow_statue_of_worship
D:4:      layout_basic, kennysheep_mini, temple_hall, minmay_misc_feat_hallway

Skill      XL: |  1  2  3  4  5 |
---------------+----------------+-----
Stealth        | 3 4 |  4.4
Fighting       | 1 2 |  2.1
Dodging        | 3 |  3.1
Hexes          | 1 |  1.2
Summonings     | 1 |  1.4
Spellcasting   | 3 |  3.0
Conjurations   | |  4.4

Action                   |  1- 3 |  4- 6 || total
-------------------------+-------+-------++-------
Melee: Dagger            |    14 |     9 ||    23
       Unarmed           |     3 |       ||     3
       Constrict         |     4 |     6 ||    10
       Tentacles         |     2 |     7 ||     9
       Rapier            |       |    15 ||    15
 Cast: Magic Dart        |    57 |    60 ||   117
       Searing Ray       |     3 |    16 ||    19
       Dazzling Flash    |       |     1 ||     1
  Use: Scroll            |       |     3 ||     3
       Potion            |       |     2 ||     2
Armor: Skin              |     2 |     4 ||     6
Dodge: Dodged            |    12 |    14 ||    26
